 Dungeon Crawl Stone Soup version 0.17-a0-1534-gf98da79 (webtiles) character file.

140 Lathuz the Chucker (level 5, 0/54 HPs)
             Began as an Ogre Hunter on July 17, 2015.
             Succumbed to a kobold's poison
             ... on level 3 of the Dungeon.
             The game lasted 00:06:23 (2033 turns).

Lathuz the Chucker (Ogre Hunter)                    Turns: 2033, Time: 00:06:23

Health: 0/54       AC:  3    Str: 18    XL:     5   Next: 22%
Magic:  5/5        EV: 10    Int: 10    God:
Gold:   144        SH:  0    Dex: 10    Spells: 0 memorised, 4 levels left

rFire  . . .     SeeInvis .     k - +0 mace
rCold  . . .     Clarity  .     d - +0 robe
rNeg   . . .     SustAt   .     (no shield)
rPois  .         Gourm    .     (helmet restricted)
rElec  .         Spirit   .     (no cloak)
rCorr  .         Warding  .     (gloves unavailable)
rMut   .         Stasis   .     (boots unavailable)
MR     .....                    (no amulet)
Stlth  +.........               (no ring)
                                (no ring)

@: lethally poisoned (0 -> -11), not resistant to hostile enchantments, very
unstealthy
A: unfitting armour, tough skin 1
a: no special abilities


You were on level 3 of the Dungeon.
You were not hungry.

You visited 1 branch of the dungeon, and saw 3 of its levels.

You collected 144 gold pieces.

Inventory:

Hand weapons
 k - a +0 mace (weapon)
Missiles
 a - 14 poisoned needles
Armour
 d - a +0 robe (worn)
 l - a cursed +0 leather armour
Scrolls
 h - a scroll of remove curse {unknown}
 m - 3 scrolls of identify {unknown}
 p - a scroll of enchant weapon {unknown}
 r - a scroll of enchant armour {unknown}
 u - a scroll of magic mapping {unknown}
 x - a scroll of fog {unknown}
Potions
 c - a potion of mutation {unknown}
 g - 3 potions of heal wounds {unknown}
 n - a potion of flight {unknown}
 q - a potion of might {unknown}
 s - a potion of lignification {unknown}
 z - a potion of magic {unknown}
Books
 v - a book of Enchantments

   Spells                             Type                      Level
   a - Cause Fear                     Hexes                        4
   b - Silence                        Hexes/Air                    5
   c - Deflect Missiles               Charms/Air                   6
   d - Haste                          Charms                       6
   e - Discord                        Hexes                        8
Comestibles
 e - 2 bread rations
 f - a beef jerky
 i - 3 meat rations
 j - 2 slices of pizza


   Skills:
 + Level 4.2 Fighting
 + Level 3.4 Maces & Flails
 + Level 5.3 Throwing
 - Level 2.0 Dodging
 - Level 1.0 Stealth


You had 4 spell levels left.
You didn't know any spells.

Dungeon Overview and Level Annotations

Branches:
Dungeon (3/15)

Altars:


Innate Abilities, Weirdness & Mutations

You are too large for most types of armour.
You have tough skin (AC +1).


Message History

The kobold is almost dead.
* * * LOW HITPOINT WARNING * * *
You feel sick. The kobold hits you but does no damage.
The kobold hits you with an uncursed dagger.
* * * LOW HITPOINT WARNING * * *
You hit the kobold but do no damage.
The kobold is almost dead.
* * * LOW HITPOINT WARNING * * *
You feel sick. The kobold hits you but does no damage.
You sock the kobold!
You kill the kobold!
* * * LOW HITPOINT WARNING * * *
You feel sick.
All of the chunks of flesh in your inventory have rotted away.
* * * LOW HITPOINT WARNING * * *
You feel sick.
Found a glowing pearl ring.
Items here: ( )) † an uncursed dagger; an uncursed blowgun; a stone; a kobold corpse You die...

##.... #..#..
#..#..##### #########
..........# #.......#
........# #.......#
#.......###.......#
#..>.....##..%(...#
#........##..(....#
#......@).(.......######
#.....((##........'.....
#.......##........#####.
#.......##..[.....# #.
#....=..##........# #.
##########........# #.
##.......# #. #########
#. #.


There were no monsters in sight!

Vanquished Creatures
  4 adders
  7 gnolls
  An ooze (D:2)
  2 giant geckos
  A bat (D:2)
  4 giant cockroaches
  5 hobgoblins
  4 kobolds
  A ball python (D:3)
  4 giant newts
  A goblin (D:1)
  4 rats
38 creatures vanquished.

Notes
Turn   | Place    | Note
--------------------------------------------------------------
     0 | D:1      | Lathuz the Ogre Hunter began the quest for the Orb.
     0 | D:1      | Reached XP level 1. HP: 22/22 MP: 1/1
   190 | D:1      | Reached skill level 1 in Stealth
   524 | D:1      | Reached XP level 2. HP: 29/29 MP: 2/2
   716 | D:2      | Reached skill level 1 in Maces & Flails
   809 | D:2      | Reached XP level 3. HP: 37/37 MP: 3/3
   926 | D:2      | Found a faded altar to an unknown god.
  1159 | D:2      | Reached skill level 5 in Throwing
  1159 | D:2      | Reached XP level 4. HP: 45/48 MP: 4/4
  1803 | D:3      | Reached XP level 5. HP: 30/54 MP: 5/5
  2032 | D:3      | HP: 1/54 [poisoned by a kobold]
  2033 | D:3      | Succumbed to a kobold's poison

Vault maps used:
D:1:      ncdulo_watergridlock
D:2:      ecumenical_altar_1

Action                   |  1- 3 |  4- 6 || total
-------------------------+-------+-------++-------
Melee: Mace              |     3 |    57 ||    60
Throw: Large rock        |    37 |    17 ||    54
       Stone             |       |    32 ||    32
       Throwing net      |       |     4 ||     4
  Eat: Chunk             |       |     3 ||     3
